 Dungeon Crawl Stone Soup version 0.25.1-8-g42b30a86e7 (console) character file.

Game seed: 15343073694248469269

203 Cab the Charmwright (level 5, -1/43 HPs)
             Began as a Gnoll Skald on Dec 10, 2020.
             Slain by Sigmund
             ... wielding a +0 scythe
              (9 damage)
             ... on level 3 of the Dungeon.
             The game lasted 00:09:15 (2925 turns).

Cab the Charmwright (Gnoll Skald)                   Turns: 2925, Time: 00:09:16

Health: -1/43      AC:  3    Str: 14    XL:     5   Next: 81%
Magic:  7/12       EV: 14    Int: 15    God:
Gold:   60         SH:  0    Dex: 15    Spells: 9/14 levels left

rFire    . . .     SeeInvis .   e - +2 whip (venom)
rCold    . . .     Gourm    .   (no shield)
rNeg     . . .     Faith    .   b - +0 leather armour
rPois    .         Spirit   .   j - +0 hat
rElec    .         Reflect  .   (no cloak)
rCorr    .         Harm     .   (no gloves)
MR       .....                  (no boots)
Stlth    +++.......             (no amulet)
HPRegen  0.14/turn              c - ring of stealth
MPRegen  0.13/turn              (no ring)

@: mighty, about to teleport, singing, very slightly contaminated
A: distributed training, fangs 1, strong nose
a: no special abilities


You were on level 3 of the Dungeon.
You were hungry.

You visited 1 branch of the dungeon, and saw 3 of its levels.

You collected 60 gold pieces.

Inventory:

Hand Weapons
 a - a +0 hand axe
 e - a +2 whip of venom (weapon)
Armour
 b - a +0 leather armour (worn)
 j - a +0 hat (worn)
Jewellery
 c - a ring of stealth (left hand)
Scrolls
 f - 2 scrolls of fog
 k - a scroll of remove curse
 l - 2 scrolls of amnesia
 n - a scroll of noise {unknown}
 p - a scroll of teleportation
 q - a scroll of enchant weapon {unknown}
Potions
 r - a potion of mutation {unknown}
Comestibles
 d - 3 rations
 m - 3 chunks of flesh


   Skills:
 + Level 4.8 Fighting
 + Level 1.6 Short Blades
 + Level 1.6 Long Blades
 + Level 4.8 Axes
 + Level 1.6 Maces & Flails
 + Level 1.6 Polearms
 + Level 1.6 Staves
 + Level 1.6 Slings
 + Level 1.6 Bows
 + Level 1.6 Crossbows
 + Level 1.6 Throwing
 + Level 3.0 Armour
 + Level 4.8 Dodging
 + Level 1.6 Stealth
 + Level 1.6 Shields
 + Level 1.6 Unarmed Combat
 + Level 5.2 Spellcasting
 + Level 1.2 Conjurations
 + Level 1.2 Hexes
 + Level 5.5 Charms
 + Level 1.2 Summonings
 + Level 1.2 Necromancy
 + Level 1.2 Translocations
 + Level 1.2 Transmutations
 + Level 1.2 Fire Magic
 + Level 1.2 Ice Magic
 + Level 1.2 Air Magic
 + Level 1.2 Earth Magic
 + Level 1.2 Poison Magic
 + Level 1.8 Invocations
 + Level 1.6 Evocations


You had 9 spell levels left.
You knew the following spells:

 Your Spells              Type           Power        Failure   Level  Hunger
a - Infusion              Chrm           ###.         1%          1    None
b - Song of Slaying       Chrm           ###.....     3%          2    ##.....
c - Shroud of Golubria    Chrm/Tloc      ##....       8%          2    ##.....

Your spell library contained the following spells:

 Spells                   Type           Power        Failure   Level  Hunger
 Ozocubu's Armour         Chrm/Ice       ##......     14%         3    ###....
 Spectral Weapon          Hex/Chrm       ##......     14%         3    ###....


Dungeon Overview and Level Annotations

Branches:
Dungeon (3/15)

Altars:
Ashenzari
Elyvilon
Kikubaaqudgha
Ru

Annotations:
D:3 Sigmund


Innate Abilities, Weirdness & Mutations

Your experience applies equally to all skills.
You have very sharp teeth.
Your uncanny sense of smell can sniff out nearby items.


Message History

You kill Natasha!
Natasha screams in fury as she dies!
The white imp disappears in a puff of smoke!
Something hits you.
* * * LOW HITPOINT WARNING * * *
You hit the rat!
You kill the rat!
Press: ? - help, v - describe, . - travel The floor, spattered with blood.
Your magical infusion is running out.
Something barely misses you.
As you read the scroll labeled YQOVVO JICEIPT, it crumbles to dust.
You feel blessed for a moment.
It was a scroll of remove curse.
As you read the scroll labeled ONYKAF WEUDGH, it crumbles to dust.
The scroll dissolves into smoke.
It was a scroll of fog.
You are no longer magically infusing your attacks.
As you read the scroll labeled TEROIGURAJU, it crumbles to dust.
You feel strangely unstable.
It was a scroll of teleportation.
Something hits you!
You die... ∙∙∙∙∙∙∙∙∙∙∙▒▒▒∙▒▒▒▒▒∙▒∙ ∙∙∙∙∙∙∙∙▒▒∙▒ ▒∙∙∙∙∙∙∙▒∙ ▒▒▒▒▒▒▒▒▒∙∙∙∙∙▒▒▒▒▒▒▒▒▒▒▒∙ ▒ ▒∙∙∙∙▒▒▒▒▒▒▒∙∙∙∙∙∙∙∙∙∙∙∙∙∙ ▒∙ ▒∙∙∙∙▒∙∙∙▒ ▒∙▒▒▒▒▒▒▒▒▒▒▒▒▒ ▒▒▒∙▒▒▒▒∙∙∙∙▒∙▒∙▒▒▒∙∙∙▒▒▒▒▒▒▒∙∙∙∙ ∙∙∙∙∙∙∙∙∙∙∙∙∙∙∙∙∙∙∙∙∙∙∙∙∙∙∙∙∙∙▒▒▒ ▒∙▒∙∙∙∙∙∙∙∙∙▒∙▒▒▒∙▒∙∙∙▒∙∙∙∙∙∙∙∙∙∙ ∙∙∙∙∙∙∙∙∙∙∙∙∙∙∙∙@∙∙∙∙∙∙∙∙)∙∙∙∙∙∙∙

∙∙∙∙∙∙∙▒▒∙▒∙▒▒{▒▒▒▒∙∙∙▒∙∙∙∙∙∙∙∙▒∙
∙∙∙∙∙∙∙%∙▒▒#▒▒#▒▒∙∙∙▒∙▒∙▒▒▒)∙∙∙∙<
∙∙∙∙∙∙∙▒{▒▒#####∙∙▒∙▒∙∙∙∙∙∙∙∙∙∙∙∙
∙∙∙r∙∙∙▒∙∙▒#▒▒▒∙▒∙∙∙▒▒▒▒▒▒▒▒▒∙∙∙∙
∙∙∙∙∙∙∙▒∙##▒▒ ▒∙∙∙∙∙▒ ▒▒▒▒▒▒▒∙▒▒∙
∙∙∙∙∙∙∙▒∙##▒ ▒▒∙)∙▒ ▒∙∙∙∙▒▒∙∙▒∙
∙∙∙∙∙∙∙▒∙∙∙∙∙ ∙∙∙∙▒▒∙▒▒∙∙∙∙∙∙∙
∙∙∙∙(∙∙▒∙∙∙▒▒▒ ∙∙∙▒▒∙▒▒▒▒▒∙∙∙▒


There were no monsters in sight!

Vanquished Creatures
  2 orc wizards (D:3)
  Natasha (D:3)
  A worker ant (D:3)
  3 adders (D:2)
  3 worms (D:2)
  A dart slug (D:2)
  2 leopard geckos
  2 orcs (D:3)
  A bat zombie (D:2)
  3 giant cockroaches
  3 hobgoblins
  3 jackals (D:1)
  5 kobolds
  A quokka (D:2)
  A ball python (D:1)
  9 bats
  7 frilled lizards
  9 goblins
  8 rats
  2 rat zombies (D:2)
67 creatures vanquished.

Notes
Turn   | Place    | Note
-------+----------+-------------------------------------------
     0 | D:1      | Cab the Gnoll Skald began the quest for the Orb.
     0 | D:1      | Reached XP level 1. HP: 20/20 MP: 6/6
   117 | D:1      | Reached XP level 2. HP: 23/26 MP: 7/7
   774 | D:1      | Reached XP level 3. HP: 31/31 MP: 9/9
   993 | D:2      | Reached skill level 5 in Spellcasting
  1009 | D:2      | Reached skill level 1 in Invocations
  1041 | D:2      | Learned a level 2 spell: Song of Slaying
  1044 | D:2      | Learned a level 2 spell: Shroud of Golubria
  1248 | D:2      | Found a shattered altar of Ashenzari.
  1321 | D:2      | Reached skill level 1 in Short Blades
  1321 | D:2      | Reached skill level 1 in Long Blades
  1321 | D:2      | Reached skill level 1 in Maces & Flails
  1321 | D:2      | Reached skill level 1 in Polearms
  1321 | D:2      | Reached skill level 1 in Staves
  1321 | D:2      | Reached skill level 1 in Slings
  1321 | D:2      | Reached skill level 1 in Bows
  1321 | D:2      | Reached skill level 1 in Crossbows
  1321 | D:2      | Reached skill level 1 in Throwing
  1321 | D:2      | Reached skill level 1 in Stealth
  1321 | D:2      | Reached skill level 1 in Shields
  1321 | D:2      | Reached skill level 1 in Unarmed Combat
  1321 | D:2      | Reached skill level 1 in Evocations
  1321 | D:2      | Reached XP level 4. HP: 11/38 MP: 9/11
  1630 | D:2      | Found an ancient bone altar of Kikubaaqudgha.
  1714 | D:2      | Found a white marble altar of Elyvilon.
  2245 | D:2      | Reached skill level 1 in Conjurations
  2245 | D:2      | Reached skill level 1 in Hexes
  2245 | D:2      | Reached skill level 1 in Summonings
  2245 | D:2      | Reached skill level 1 in Necromancy
  2245 | D:2      | Reached skill level 1 in Translocations
  2245 | D:2      | Reached skill level 1 in Transmutations
  2245 | D:2      | Reached skill level 1 in Fire Magic
  2245 | D:2      | Reached skill level 1 in Ice Magic
  2245 | D:2      | Reached skill level 1 in Air Magic
  2245 | D:2      | Reached skill level 1 in Earth Magic
  2245 | D:2      | Reached skill level 1 in Poison Magic
  2394 | D:3      | Reached XP level 5. HP: 20/43 MP: 3/12
  2631 | D:3      | Found a sacrificial altar of Ru.
  2886 | D:3      | Noticed Sigmund
  2899 | D:3      | Noticed Natasha
  2908 | D:3      | HP: 2/43 [something (13)]
  2911 | D:3      | Killed Natasha
  2925 | D:3      | Slain by Sigmund

Illustrated notes

Levels and vault maps discovered:
D:1:      giann_wishing_wells, layout_loops_cross, minmay_strange_pillars
D:2:      layout_basic, lemuel_zombie_altar_kikubaaqudgha,
          nicolae_overflow_crystal_walls, elyvilon_altar_5,
          kennysheep_generic_room_16
D:3:      layout_basic, lemuel_round_altar, minitemple, uniq_natasha,
          uniq_sigmund

Skill      XL: |  1  2  3  4  5 |
---------------+----------------+-----
Spellcasting   | 5 |  5.2
Invocations    | 1 |  1.8
Short Blades   | 1 |  1.6
Long Blades    | 1 |  1.6
Maces & Flails | 1 |  1.6
Polearms       | 1 |  1.6
Staves         | 1 |  1.6
Slings         | 1 |  1.6
Bows           | 1 |  1.6
Crossbows      | 1 |  1.6
Throwing       | 1 |  1.6
Stealth        | 1 |  1.6
Shields        | 1 |  1.6
Unarmed Combat | 1 |  1.6
Evocations     | 1 |  1.6
Conjurations   | 1 |  1.2
Hexes          | 1 |  1.2
Summonings     | 1 |  1.2
Necromancy     | 1 |  1.2
Translocations | 1 |  1.2
Transmutations | 1 |  1.2
Fire Magic     | 1 |  1.2
Ice Magic      | 1 |  1.2
Air Magic      | 1 |  1.2
Earth Magic    | 1 |  1.2
Poison Magic   | 1 |  1.2
Armour         | 3 |  3.0
Fighting       | |  4.8
Axes           | |  4.8
Dodging        | |  4.8
Charms         | |  5.5

Action                   |  1- 3 |  4- 6 || total
-------------------------+-------+-------++-------
Melee: Hand axe          |     7 |       ||     7
       Whip              |    85 |    79 ||   164
       Bite              |     8 |    14 ||    22
       Punch             |     1 |     1 ||     2
 Cast: Shroud of Golubri |     1 |     3 ||     4
       Infusion          |     1 |     3 ||     4
       Song of Slaying   |       |     3 ||     3
  Use: Scroll            |       |     7 ||     7
       Potion            |       |     3 ||     3
 Stab: Sleeping          |     4 |     4 ||     8
  Eat: Chunk             |     1 |     5 ||     6
Armor: Leather armour    |    33 |    19 ||    52
Dodge: Dodged            |    61 |    60 ||   121
